 Dungeon Crawl Stone Soup version 0.28.0-45-g0d030f2227 (webtiles) character file.

Game seed: 1129333135207085008

33 Descartes the Skirmisher (level 3, 0/36 HPs)
             Began as a Minotaur Wanderer on Apr 2, 2022.
             Slain by a goblin
             ... wielding a +0 club
             ... led by Robin
              (2 damage)
             ... on level 2 of the Dungeon.
             The game lasted 00:01:10 (1071 turns).

Descartes the Skirmisher (Minotaur Wanderer)        Turns: 1071, Time: 00:01:11

Health: 0/36       AC:  3    Str: 15    XL:     3   Next: 12%
Magic:  2/2        EV: 11    Int:  8    God:
Gold:   50         SH:  0    Dex: 13    Spells: 2/2 levels left

rFire   . . .      SeeInvis .   a - +2 falchion
rCold   . . .      Faith    .   (no shield)
rNeg    . . .      Spirit   .   e - +0 leather armour
rPois   +          Reflect  .   d - +0 hat
rElec   .          Harm     .   (no cloak)
rCorr   .          Rampage  .   (no gloves)
Will    .....                   (no boots)
Stlth   +.........              (no amulet)
HPRegen 0.12/turn               i - ring of poison resistance
MPRegen 0.08/turn               (no ring)

@: no status effects
A: horns 2, retaliatory headbutt
a: no special abilities


You were on level 2 of the Dungeon.
You visited 1 branch of the dungeon, and saw 2 of its levels.

You collected 50 gold pieces.

Inventory:

Hand Weapons
 a - a +2 falchion (weapon)
 b - a +0 hand crossbow
Missiles
 c - 31 bolts
Armour
 d - a +0 hat (worn)
 e - a +0 leather armour (worn)
Jewellery
 i - a ring of poison resistance (left hand)
Scrolls
 g - 3 scrolls of enchant armour {unknown}
 h - a scroll of identify {unknown}
 k - a scroll of noise {unknown}
Potions
 f - a potion of curing {unknown}
 j - a potion of resistance {unknown}
 l - a potion of haste {unknown}


   Skills:
 + Level 5.1 Fighting
 + Level 4.1 Long Blades
 + Level 1.9 Crossbows
 + Level 2.1 Armour
 - Level 1.0 Stealth


You had 2 spell levels left.
You didn't know any spells.
Your spell library contained the following spells:

 Spells                   Type           Power      Damage    Failure   Level
 Freeze                   Ice            0%         1d3       47%         1
 Frozen Ramparts          Ice            0%         1d2       85%         3
 Hailstorm                Conj/Ice       0%         3d3       99%         4


Dungeon Overview and Level Annotations

Branches:
Dungeon (2/15)

Altars:

Annotations:
D:2 Robin


Innate Abilities, Weirdness & Mutations

You have a pair of horns on your head.
You reflexively headbutt those who attack you in melee.


Message History

Robin says, "Bow before me, strongest of all the hobgoblins!"
You are too injured to fight recklessly!
You are too injured to fight recklessly!
You are too injured to fight recklessly!
You are too injured to fight recklessly!
You are too injured to fight recklessly!
You are too injured to fight recklessly!
You are too injured to fight recklessly!
You are too injured to fight recklessly!
You are too injured to fight recklessly!
You are too injured to fight recklessly!
You are too injured to fight recklessly!
You are too injured to fight recklessly!
You are too injured to fight recklessly!
You are too injured to fight recklessly!
You are too injured to fight recklessly!
You are too injured to fight recklessly!
You are too injured to fight recklessly!
Unknown command.
You hit the goblin but do no damage. The goblin misses you.
The goblin completely misses you.
The goblin barely misses you. x2; You furiously retaliate!
You headbutt the goblin!
You kill the goblin!
Robin says, "A pitiful Minotaur like you will never find the ORB!"
Robin throws the goblin at you!
You closely miss the goblin. The goblin hits you but does no damage.
The goblin hits you with a +0 club. The goblin hits you with a +0 dagger.
* * * LOW HITPOINT WARNING * * *
The goblin hits you but does no damage. x2
Unknown command.
You barely miss the goblin. The goblin barely misses you.
The goblin hits you with a +0 dagger.
* * * LOW HITPOINT WARNING * * *
The goblin barely misses you. The goblin hits you with a +0 dagger.
* * * LOW HITPOINT WARNING * * *
You hit the goblin.
You kill the goblin!
The goblin hits you with a +0 club.
You die...

#.# ##
#.#####.#.
.##........#
......#.#.##.#.
#.#.#.#.#.##.##.
....#.#.#......#
. #....†........
....#.#)####.#.#
.. ...#@g.......
### #gggg.##..
#.)).g#
#.)....g..
#.....##..
#.....# .
#.......
......##.
......# #


You could see Robin and 6 goblins.

Vanquished Creatures
  A dart slug (D:2)
  A worm (D:2)
  2 endoplasms
  7 goblins
  4 hobgoblins
  6 kobolds
  A quokka (D:1)
  3 ball pythons (D:1)
  A frilled lizard (D:1)
26 creatures vanquished.

Notes
Turn   | Place    | Note
-------+----------+-------------------------------------------
     0 | D:1      | Descartes the Minotaur Wanderer began the quest for the
                  | Orb.
     0 | D:1      | Descartes set off with the following items: a +2 falchion,
                  | a +0 hand crossbow, 31 bolts, a +0 hat, a +0 leather armour
     0 | D:1      | Reached XP level 1. HP: 22/22 MP: 0/0
   191 | D:1      | Reached XP level 2. HP: 28/28 MP: 1/1
   198 | D:1      | Reached skill level 5 in Fighting
  1059 | D:2      | Noticed Robin
  1065 | D:2      | Reached XP level 3. HP: 22/36 MP: 2/2
  1071 | D:2      | Slain by a goblin

Illustrated notes

Levels and vault maps discovered:
D:1:      amcnicky_arrival_single_pillar, layout_basic, roderic_roman_lattice,
          hangedman_decor_push
D:2:      layout_loops_cross, minmay_pentomino_pile, uniq_robin

Skill      XL: |  1  2 |
---------------+-------+-----
Fighting       | 5 |  5.1
Long Blades    | 4 |  4.1
Armour         | 2 |  2.1
Crossbows      | |  1.9
Stealth        | |  1.0

Action                   || total
-------------------------++-------
Melee: Falchion          ||    50
       Headbutt          ||     9
Armor: Leather armour    ||    14
Dodge: Dodged            ||    29
